 Dungeon Crawl Stone Soup version 0.26.1-2-gb8aa6d0cf2 (webtiles) character file.

Game seed: 3960563138457054414

4231 Gadfly the Warmonger (level 10, -1/92 HPs)
             Began as an Ogre Monk on Feb 13, 2021.
             Was an Elder of Okawaru.
             Slain by a killer bee (9 damage)
             ... on level 8 of the Dungeon.
             The game lasted 00:15:20 (10770 turns).

Gadfly the Warmonger (Ogre Monk)                   Turns: 10770, Time: 00:15:21

Health: -1/92      AC: 12    Str: 20    XL:     10   Next: 30%
Magic:  15/15      EV: 10    Int: 11    God:    Okawaru [****..]
Gold:   120        SH:  0    Dex: 11    Spells: 9/9 levels left

rFire    + . .     SeeInvis .   b - +3 quarterstaff (chaos)
rCold    . . .     Faith    .   (shield currently unavailable)
rNeg     + . .     Spirit   .   x - +5 robe "Liranego" {+Fly}
rPois    +         Reflect  .   d - +1 hat
rElec    .         Harm     .   n - +2 cloak {rPois}
rCorr    .         Rampage  .   (gloves unavailable)
Will     +....                  (boots unavailable)
Stlth    ++........             (no amulet)
HPRegen  0.25/turn              e - ring of protection from fire
MPRegen  0.14/turn              p - ring of positive energy

@: no status effects
A: large, unfitting armour, tough skin 1
a: Renounce Religion, Evoke Flight, Heroism


You were on level 8 of the Dungeon.
You worshipped Okawaru.
Okawaru was greatly pleased with you.
You visited 2 branches of the dungeon, and saw 9 of its levels.

You collected 393 gold pieces.
You spent 273 gold pieces at shops.

Inventory:

Hand Weapons
 a - a +1 flail of holy wrath
 b - a +3 quarterstaff of chaos (weapon)
 f - a cursed +5 mace
 j - a +1 dagger of venom
Missiles
 h - 4 throwing nets
 r - a boomerang (quivered)
 y - 8 large rocks
Armour
 d - a +1 hat (worn)
 n - a +2 cloak of poison resistance (worn)
 x - the +5 robe "Liranego" (worn) {+Fly}
   (You found it on level 6 of the Dungeon)

   It lets you fly.
Jewellery
 e - a ring of protection from fire (left hand)
 i - an uncursed ring of ice
 p - a ring of positive energy (right hand)
Wands
 c - a wand of iceblast (3)
 v - a wand of flame (22)
 A - a wand of enslavement (5)
Scrolls
 k - a scroll of enchant weapon
 l - 2 scrolls of teleportation
 q - 2 scrolls of identify
 w - a scroll of holy word
Potions
 g - 2 potions of curing
 o - 3 potions of heal wounds
 s - a potion of ambrosia
 t - a potion of resistance
 u - a potion of flight


   Skills:
 - Level 4.0 Fighting
 + Level 5.2 Maces & Flails
 * Level 6.7 Throwing
 * Level 5.6 Armour
 - Level 2.6 Dodging
 - Level 1.4 Stealth
 * Level 7.5 Invocations
 * Level 5.6 Evocations


You had 9 spell levels left.
You didn't know any spells.
Your spell library contained the following spells:

 Spells                   Type           Power        Failure   Level
 Confusing Touch          Hex            0%           71%         3
 Gell's Gravitas          Tloc           0%           71%         3
 Petrify                  Tmut/Erth      0%           98%         4
 Metabolic Englaciation   Hex/Ice        0%           100%        5
 Yara's Violent Unravell  Hex/Tmut       0%           100%        5


Dungeon Overview and Level Annotations

Branches:
Dungeon (8/15)             Temple (1/1) D:4
   Lair: D:8-11

Altars:
Ashenzari
Cheibriados
Dithmenos
Elyvilon
Fedhas
Gozag
Hepliaklqana
Kikubaaqudgha
Makhleb
Nemelex Xobeh
Okawaru
Qazlal
Ru
Sif Muna
Trog
Uskayaw
Vehumet
Wu Jian
Xom
Yredelemnul
Zin
The Shining One

Shops:
D:4 =:=   D:6 !


Innate Abilities, Weirdness & Mutations

You are too large for most types of armour.
You have tough skin. (AC +1)


Message History

You feel better. Something stings you.
* * * LOW HITPOINT WARNING * * *
Your black bear bites the hound skeleton.
The hound skeleton is destroyed!
Okawaru accepts your kill.
Something stings you but does no damage.
Okay, then.
What are your orders? t - Shout!
Orders for allies: a - Attack new target. p - Attack previous target. r - Retreat! s - Stop attacking. g - Guard the area. f - Follow me.
Anything else - Cancel.
Guard this area!
Something stings you but does no damage. x2
You swap places.
Something barely misses your black bear. x2
Something stings you but does no damage.
Something stings you!
You die...

......###.## ##.............
.....).(..# ##..............
........(## ##...............
.######..(####....#..........>
##..(......##...h.......
#...?(.....##†..........
#..........##...........
#.........#...#..........
...........##@...........
.....#......##..........
....###.....##.......... #...
##.....#.......... ..
##[.............$ ............
............. ............
...........


There were no monsters in sight!

Vanquished Creatures
  A glowing orange brain (shapeshifter) (D:7)
  A jumping spider (shapeshifter) (D:7)
  Edmund (D:5)
  Duvessa (D:4)
  An ice beast (D:7)
  2 sky beasts
  3 phantoms
  2 necrophages
  A black bear (D:6)
  An orc warrior (D:7)
  2 ogres (D:5)
  2 centaurs
  5 bullfrogs
  Dowan (D:4)
  4 scorpions
  2 killer bees (D:8)
  7 wights
  An electric eel (D:6)
  A crimson imp (D:3)
  A centaur zombie (D:5)
  A quasit (D:8)
  A hound (D:7)
  3 orc priests
  4 orc wizards
  Crazy Yiuf (D:3)
  A gnoll shaman (D:7)
  A bullfrog skeleton (D:5)
  An iguana (D:7)
  Jessica (D:3)
  Ijyb (D:3)
  9 worker ants
  A killer bee zombie (D:7)
  2 worker ant zombies (D:7)
  Robin (D:4)
  3 gnolls (D:5)
  6 adders
  2 shadow imps
  4 white imps
  An adder zombie (D:7)
  2 adder skeletons (D:4)
  6 dart slugs
  6 leopard geckos
  22 orcs
  11 bats
  6 giant cockroaches
  12 hobgoblins
  7 jackals
  4 quokkas
  2 ball pythons
  4 frilled lizards
  17 goblins
  9 kobolds
  2 quokka skeletons
  A quokka zombie (D:7)
  6 rats
201 creatures vanquished.

Vanquished Creatures (collateral kills)
  A killer bee (D:8)
  A jelly (D:8)
  A hound skeleton (D:8)
  An orc (D:7)
4 creatures vanquished.

Grand Total: 205 creatures vanquished

Notes
Turn   | Place    | Note
-------+----------+-------------------------------------------
     0 | D:1      | Gadfly the Ogre Monk began the quest for the Orb.
     0 | D:1      | Reached XP level 1. HP: 24/24 MP: 1/1
    51 | D:1      | Reached XP level 2. HP: 29/32 MP: 2/2
   180 | D:1      | Reached skill level 1 in Invocations
   619 | D:1      | Reached XP level 3. HP: 4/39 MP: 3/3
   625 | D:1      | Reached skill level 1 in Throwing
  1013 | D:2      | Found a glowing golden altar of the Shining One.
  1173 | D:2      | Reached skill level 1 in Armour
  1173 | D:2      | Reached skill level 1 in Evocations
  1475 | D:2      | Reached XP level 4. HP: 48/48 MP: 5/5
  1603 | D:2      | Found a bloodstained altar of Trog.
  2359 | D:3      | Found a radiant altar of Vehumet.
  2360 | D:3      | Found a burning altar of Makhleb.
  2371 | D:3      | Reached skill level 2 in Invocations
  2371 | D:3      | Reached XP level 5. HP: 51/54 MP: 6/6
  2398 | D:3      | Noticed Jessica
  2406 | D:3      | Killed Jessica
  3084 | D:3      | Reached XP level 6. HP: 49/62 MP: 6/8
  3306 | D:3      | Found a shimmering blue altar of Sif Muna.
  3390 | D:3      | Noticed Ijyb
  3398 | D:3      | Killed Ijyb
  3399 | D:3      | Reached skill level 3 in Invocations
  3525 | D:3      | Found a runed translucent door.
  3526 | D:3      | Noticed Crazy Yiuf
  3698 | D:3      | HP: 3/62 [Crazy Yiuf/+3 quarterstaff of chaos (18)]
  3698 | D:3      | HP: 1/62 [Crazy Yiuf/+3 quarterstaff of chaos (2)]
  3700 | D:3      | Paralysed by Crazy Yiuf for 3 turns
  3717 | D:3      | Killed Crazy Yiuf
  4046 | D:4      | Found Usiub's Book Boutique.
  4085 | D:4      | Found a staircase to the Ecumenical Temple.
  4105 | Temple   | Entered the Ecumenical Temple
  4488 | Temple   | Became a worshipper of Warmaster Okawaru
  4488 | Temple   | Reached * piety under Okawaru
  4488 | Temple   | Reached ** piety under Okawaru
  4608 | D:4      | Noticed Duvessa
  4608 | D:4      | Noticed Dowan
  4629 | D:4      | Killed Duvessa
  4630 | D:4      | Reached XP level 7. HP: 35/70 MP: 9/9
  4651 | D:4      | Killed Dowan
  5189 | D:4      | Noticed Robin
  5222 | D:4      | Killed Robin
  5399 | D:4      | Found Xipaemonk's Jewellery Emporium.
  5435 | D:4      | Found Pofue's Jewellery Shop.
  5544 | D:4      | Reached skill level 4 in Invocations
  5798 | D:5      | Entered Level 5 of the Dungeon
  5820 | D:5      | Reached XP level 8. HP: 72/78 MP: 11/11
  5993 | D:5      | Noticed Edmund
  6060 | D:5      | Killed Edmund
  6060 | D:5      | Reached *** piety under Okawaru
  6796 | D:6      | Reached skill level 5 in Invocations
  7159 | D:6      | Found a bloodstained altar of Trog.
  7280 | D:6      | Reached XP level 9. HP: 19/84 MP: 13/13
  7557 | D:6      | Found Vezifat's Distillery.
  7572 | D:6      | Bought a potion of ambrosia for 104 gold pieces
  7572 | D:6      | Bought a potion of resistance for 130 gold pieces
  7572 | D:6      | Bought a potion of flight for 39 gold pieces
  7653 | D:6      | Reached skill level 5 in Throwing
  7664 | D:6      | Found a hazy altar of Hepliaklqana.
  7665 | D:6      | Found a broken altar of Ashenzari.
  7666 | D:6      | Found a sacrificial altar of Ru.
  7667 | D:6      | Found a shadowy altar of Dithmenos.
  7690 | D:6      | Reached **** piety under Okawaru
  8380 | D:7      | Reached skill level 6 in Invocations
  8519 | D:6      | Got a steaming robe
  8530 | D:6      | Identified the +5 robe "Liranego" {+Fly} (You found it on
                  | level 6 of the Dungeon)
  9342 | D:7      | Reached skill level 5 in Armour
  9342 | D:7      | Reached skill level 5 in Evocations
  9484 | D:7      | Noticed a glowing shapeshifter
  9484 | D:7      | a scorpion changed into a glowing shapeshifter
  9484 | D:7      | a glowing shapeshifter changed into a slime creature
  9489 | D:7      | Noticed a glowing orange brain
  9489 | D:7      | a slime creature changed into a glowing orange brain
  9494 | D:7      | Killed a glowing orange brain
  9494 | D:7      | Reached ***** piety under Okawaru
  9494 | D:7      | Received a gift from Okawaru
  9495 | D:7      | Reached skill level 5 in Maces & Flails
  9495 | D:7      | Reached skill level 7 in Invocations
  9495 | D:7      | Reached XP level 10. HP: 56/92 MP: 15/15
  9899 | D:7      | Noticed a glowing shapeshifter
  9899 | D:7      | an ogre changed into a glowing shapeshifter
  9899 | D:7      | Noticed a shining eye
  9899 | D:7      | a glowing shapeshifter changed into a shining eye
  9901 | D:7      | Noticed a torpor snail
  9901 | D:7      | a shining eye changed into a torpor snail
  9903 | D:7      | a torpor snail changed into a redback
 10770 | D:8      | Slain by a killer bee

Illustrated notes

Levels and vault maps discovered:
D:1:      lightli_arrival_maybe_door_vault, layout_rooms,
          minmay_shallow_snake_nest
D:2:      cheibrodos_helix_gallery, layout_basic, lemuel_doored_altar,
          tso_metal_star
D:3:      layout_loops_ring, grunt_temple_overflow_lords_of_destruction,
          lemuel_round_altar, st_stairs_1, uniq_jessica, uniq_ijyb,
          uniq_crazy_yiuf_cottage
D:4:      layout_basic, minmay_temple_entry_antechambers, serial_shops, shop,
          shop, shop, grunt_tough_drop, uniq_duvessa, uniq_robin
D:5:      layout_basic, hangedman_decor_clover_reticule, uniq_edmund
D:6:      layout_cave_pools, chequers_temple_overflow_statue_of_worship,
          kennysheep_diamond, bloody_trog
D:7:      minmay_razor_zed, layout_basic, minmay_misc_feat_cross
D:8:      layout_layer_cave, basic_altar
Temple:   dpeg_chambers_temple

Skill      XL: |  1  2  3  4  5  6  7  8  9 |
---------------+----------------------------+-----
Invocations    | 1 2 3 4 5 7 |  7.5
Throwing       | 1 2 3 4 6 |  6.7
Armour         | 1 2 3 4 5 |  5.6
Evocations     | 1 2 3 4 5 |  5.6
Maces & Flails | 3 4 5 |  5.2
Fighting       | |  4.0
Dodging        | |  2.6
Stealth        | |  1.4

Action                   |  1- 3 |  4- 6 |  7- 9 | 10-12 || total
-------------------------+-------+-------+-------+-------++-------
Melee: Mace              |    89 |       |       |       ||    89
       Dagger            |    32 |   145 |       |       ||   177
       Quarterstaff      |       |    32 |   316 |    99 ||   447
Throw: Stone             |     2 |     1 |     9 |       ||    12
       Throwing net      |       |     1 |     2 |       ||     3
       Boomerang         |       |       |    38 |       ||    38
Evoke: Wand              |       |       |     3 |     2 ||     5
  Use: Scroll            |     4 |     3 |     6 |     3 ||    16
       Potion            |     2 |     3 |     4 |     1 ||    10
 Stab: Sleeping          |     1 |     5 |     1 |       ||     7
       Paralysed         |       |       |     2 |       ||     2
       Held in net/web   |       |       |     1 |       ||     1
       Confused          |       |       |     2 |       ||     2
       Petrified         |       |       |     1 |     4 ||     5
       Petrifying        |       |       |     1 |       ||     1
Armor: Robe              |    81 |    48 |   148 |    98 ||   375
Dodge: Dodged            |   140 |    74 |   175 |    72 ||   461
